 Dungeon Crawl Stone Soup version 0.27-a0-1139-g28e009f8a6 (webtiles) character file.

Game seed: 11697341026218220857

12369 Morbidden the Thaumaturge (level 11, -6/83 HPs)
             Began as a Djinni Air Elementalist on May 7, 2021.
             Was a High Priest of Cheibriados.
             Mangled by an ice beast (21 damage)
             ... in an ice cave.
             The game lasted 00:26:38 (15473 turns).

Morbidden the Thaumaturge (DjAE)                   Turns: 15473, Time: 00:26:39

Health: -6/83      AC:  4    Str: 28    XL:     11   Next: 92%
Gold:   465        EV: 18    Int: 29    God:    Cheibriados [*****.] SH:  0 Dex: 26

rFire    + + .     SeeInvis .   a - +2 scimitar (flame)
rCold    x . .     Faith    .   (no shield)
rNeg     . . .     Spirit   .   F - +0 troll leather armour
rPois    ∞         Reflect  .   (helmet restricted)
rElec    .         Harm     .   (no cloak)
rCorr    .         Rampage  .   (no gloves)
Will     ++...                  (boots unavailable)
Stlth    +++.......             c - amulet of regeneration
HPRegen  2.23/turn              h - +6 ring of strength
MPRegen  0.00/turn              q - ring of wizardry

@: flying, very slow
A: sickness immunity, fire resistance 2, cold vulnerability 1, float, innate
caster, hp casting, extra vitality 1, antennae 1, strong-willed 1, robust 1
a: Renounce Religion, Bend Time, Temporal Distortion, Slouch, Step From Time


You were in an ice cave.
You worshipped Cheibriados.
Cheibriados was extremely pleased with you.
You visited 3 branches of the dungeon, and saw 14 of its levels.
You visited 1 bazaar.
You also visited: Ice Cave.

You collected 765 gold pieces.
You spent 300 gold pieces at shops.

Inventory:

Hand Weapons
 a - a +2 scimitar of flaming (weapon)
 b - a +5 dagger of freezing
 j - a +3 great sword
 v - a +1 scimitar of holy wrath
 B - a +0 quarterstaff
Armour
 x - a +1 robe of resistance
 C - +0 acid dragon scales
 F - a +0 troll leather armour (worn)
Jewellery
 c - an amulet of regeneration (around neck)
 h - a +6 ring of strength (left hand)
 q - a ring of wizardry (right hand)
 H - a ring of protection from fire
Wands
 k - a wand of flame (52)
 p - a wand of iceblast (9)
 r - a wand of digging (2)
 u - a wand of acid (14)
 w - a wand of paralysis (10)
 y - a wand of charming (9)
 A - a wand of mindburst (22)
Scrolls
 d - 2 scrolls of teleportation
 f - 2 scrolls of immolation
 i - a scroll of silence
 m - a scroll of brand weapon
 o - 2 scrolls of fear
 t - 2 scrolls of holy word
 z - 8 scrolls of identify
 D - a scroll of summoning
Potions
 e - 4 potions of brilliance
 g - 4 potions of lignification {unknown}
 l - 7 potions of curing {unknown}
 n - a potion of heal wounds
 s - 3 potions of haste {unknown}
 E - 2 potions of might {unknown}
 G - a potion of ambrosia
 I - 4 potions of attraction {unknown}


   Skills:
 * Level 6.1 Fighting
 + Level 1.2(1.5) Short Blades
 * Level 1.4(1.6) Long Blades
 + Level 3.3 Armour
 * Level 7.3 Dodging
 + Level 2.7 Stealth
 + Level 0.1 Shields
 * Level 12.3 Spellcasting
 * Level 5.2 Invocations


You had 7 spell levels left.
You knew the following spells:

 Your Spells              Type           Power      Damage    Failure   Level
a - Airstrike             Air            37%        N/A       1%          4
b - Static Discharge      Conj/Air       74%        N/A       1%          2
c - Portal Projectile     Hex/Tloc       100%       N/A       1%          3
d - Ice Form              Ice/Tmut       74%        N/A       1%          4
e - Lightning Bolt        Conj/Air       37%        1d55      1%          5
f - Apportation           Tloc           100%       N/A       0%          1
g - Passwall              Tmut/Erth      61%        N/A       1%          2
h - Wereblood             Tmut           74%        N/A       1%          2
q - Swiftness             Air            74%        N/A       1%          3
z - Shock                 Conj/Air       100%       1d9       0%          1
Your spell library was empty.

Dungeon Overview and Level Annotations

Branches:
Dungeon (11/15)            Temple (1/1) D:6            Lair (2/6) D:9
    Orc (0/2) D:10          IceCv (1/1)
  Swamp: Lair:2-4    Shoals: Lair:2-4     Snake: Lair:2-4    Spider: Lair:2-4

Altars:
Ashenzari
Cheibriados
Dithmenos
Elyvilon
Fedhas
Gozag
Hepliaklqana
Kikubaaqudgha
Makhleb
Nemelex Xobeh
Okawaru
Qazlal
Ru
Sif Muna
Trog
Uskayaw
Vehumet
Wu Jian
Xom
Yredelemnul
Zin
The Shining One

Shops:
D:3 ?=([   D:10 (

Annotations:
D:5 3 runed translucent doors, schwarznadel's ghost, novice FoFi


Innate Abilities, Weirdness & Mutations

You are immune to sickness and miasma.
You are immune to poison.
Your flesh is very heat resistant. (rF++)
You are vulnerable to cold. (rC-)
You float through the air rather than walking.
You learn spells naturally, not from books.
Your magical power is your life essence.
You have superior vitality. (+4 HP)
You have a pair of small antennae on your head.
You are strong-willed. (Will+)
You are robust. (+10% HP)


Message History

Press: ? - help, Dir - move target, f/p - rime drake
Aim: a rime drake (almost dead, catching its breath)
The air twists around and strikes the rime drake!
You kill the rime drake!
Cheibriados thoroughly appreciates the change of pace.
The ice beast hits you. The ice beast freezes you!
You feel a terrible chill!
Casting: Airstrike (safe; 1% risk of failure)
Confirm with . or Enter, or press ? or * to list all spells.
Aiming: Airstrike (safe; 1% risk of failure)
Press: ? - help, Dir - move target, f - ice beast
Aim: an ice beast The air twists around and strikes the ice beast!
The ice beast is heavily wounded.
The ice beast hits you. The ice beast freezes you!
You feel a terrible chill!
Unknown command.
Unknown command.
Casting: Airstrike (safe; 1% risk of failure)
Confirm with . or Enter, or press ? or * to list all spells.
Aiming: Airstrike (safe; 1% risk of failure)
Press: ? - help, Dir - move target, f/p - ice beast
Aim: an ice beast (heavily wounded)
The air twists around and strikes the ice beast!
The ice beast is almost dead.
The ice beast closely misses you. The ice beast completely misses you.
Unknown command.
Unknown command.
Casting: Airstrike (safe; 1% risk of failure)
Confirm with . or Enter, or press ? or * to list all spells.
Aiming: Airstrike (safe; 1% risk of failure)
Press: ? - help, Dir - move target, f/p - ice beast
Aim: an ice beast (almost dead)
The air twists around and strikes the ice beast!
You kill the ice beast!
Cheibriados appreciates the change of pace.
The ice beast hits you. The ice beast freezes you!!
You feel a terrible chill!
* * * LOW HITPOINT WARNING * * *
The ice beast hits you.
* * * LOW HITPOINT WARNING * * *
The ice beast freezes you!!
You feel a terrible chill!
You die...

#.......#
#...∩...#
##.....##
##...##
##...#
#...##
#...##
#....##
#..#Y@Y#
#.####Y.#
## ..##
..## #..
... ....
.....


You could see 3 ice beasts.

Vanquished Creatures
  A two-headed ogre (D:9)
  An ugly thing (D:11)
  A gargoyle (D:8)
  2 komodo dragons
  A rime drake (IceCv)
  An efreet (D:11)
  4 trolls
  A polar bear (Lair:1)
  3 blink frogs (Lair:1)
  A slime creature (D:8)
  Eustachio (D:6)
  2 wyverns
  5 yaks (Lair:1)
  Sigmund (D:2)
  A basilisk (D:8)
  Grum (D:8)
  3 acid dragons
  10 water moccasins
  6 orc warriors
  2 sky beasts (D:6)
  8 ice beasts (IceCv)
  2 ogres
  4 wolves
  3 centaurs
  Blork the orc (D:4)
  A kobold brigand (D:9)
  2 bullfrogs
  A wyvern zombie (D:8)
  A water moccasin zombie (D:7)
  A water moccasin skeleton (D:5)
  13 killer bees
  13 wights
  2 howler monkeys (D:8)
  8 centaur zombies
  A bullfrog zombie (D:7)
  2 bullfrog skeletons (D:5)
  A hound (D:5)
  4 orc priests
  A centaur skeleton (D:2)
  2 gnoll shamans
  An iguana (D:6)
  Natasha (thrice) (D:4)
  3 orc wizards
  2 hell rats (Lair:1)
  A killer bee zombie (D:7)
  2 howler monkey zombies
  7 gnolls
  6 adders
  10 river rats (Lair:1)
  2 white imps
  An ufetubus (D:5)
  An adder skeleton (D:4)
  A worm (D:2)
  2 dart slugs
  32 orcs
  16 endoplasms
  8 giant cockroaches
  9 goblins
  6 hobgoblins
  6 jackals
  2 quokkas
  9 ball pythons
  A bat (D:1)
  2 frilled lizards (D:3)
  10 kobolds
  5 rats
267 creatures vanquished.

Vanquished Creatures (others)
  A fungus (Lair:1)
  3 plants (Lair:1)
4 creatures vanquished.

Grand Total: 271 creatures vanquished

Notes
Turn   | Place    | Note
-------+----------+-------------------------------------------
     0 | D:1      | Morbidden the Djinni Air Elementalist began the quest for
                  | the Orb.
     0 | D:1      | Reached XP level 1. HP: 15/15 MP: 0/0
   437 | D:1      | Reached skill level 3 in Spellcasting
   437 | D:1      | Reached XP level 2. HP: 17/22 MP: 0/0
  1135 | D:1      | Reached XP level 3. HP: 22/26 MP: 0/0
  1135 | D:1      | Learned a level 1 spell: Apportation
  1883 | D:2      | Noticed Sigmund
  2013 | D:2      | Reached skill level 1 in Fighting
  2013 | D:2      | Reached XP level 4. HP: 8/32 MP: 0/0
  2334 | D:2      | Found a faded altar of an unknown god.
  2860 | D:2      | Reached skill level 4 in Spellcasting
  3413 | D:2      | Reached XP level 5. HP: 32/37 MP: 0/0
  3413 | D:2      | Learned a level 2 spell: Passwall
  4075 | D:3      | Found Pemuxeamm's Jewellery Shop.
  4077 | D:3      | Found Guyroy's Antique Weapon Boutique.
  4133 | D:3      | Found Buitrer's Armour Boutique.
  4207 | D:3      | Found Reog's Magic Scroll Emporium.
  4215 | D:3      | Found a hide-covered altar of Uskayaw.
  4752 | D:4      | Found a shadowy altar of Dithmenos.
  4786 | D:4      | Noticed Natasha
  4792 | D:4      | Killed Natasha
  4872 | D:4      | Noticed an ogre
  4919 | D:4      | You are sucked into a shaft and drop 1 floor!
  4919 | D:5      | Entered Level 5 of the Dungeon
  4923 | D:5      | Gained mutation: You are robust. (+10% HP) [potion of
                  | mutation]
  4923 | D:5      | Gained mutation: You have a pair of small antennae on your
                  | head. [potion of mutation]
  4923 | D:5      | Gained mutation: You are strong-willed. (Will+) [potion of
                  | mutation]
  4939 | D:5      | Reached skill level 5 in Spellcasting
  4939 | D:5      | Reached XP level 6. HP: 18/46 MP: 0/0
  5183 | D:5      | Found a runed translucent gate.
  5184 | D:5      | Found a runed translucent gate.
  5185 | D:5      | Found a runed translucent gate.
  5186 | D:5      | Found an opulent altar of Gozag.
  5187 | D:5      | Noticed a vampire
  5187 | D:5      | Noticed schwarznadel's ghost (novice FoFi)
  6007 | D:5      | Noticed a water moccasin
  6013 | D:5      | Killed a water moccasin
  6014 | D:5      | Reached XP level 7. HP: 40/52 MP: 0/0
  6014 | D:5      | Learned a level 2 spell: Wereblood
  6110 | D:5      | Found a shimmering altar of Xom.
  6646 | D:5      | Identified the +2 ring mail of Patience {Int+3}
  6837 | D:4      | Noticed Blork the orc
  7099 | D:4      | Noticed Natasha
  7108 | D:4      | Killed Natasha
  7109 | D:4      | Reached skill level 6 in Spellcasting
  7276 | D:4      | Killed Blork the orc
  7353 | D:4      | Found a bloodstained altar of Trog.
  7368 | D:4      | Noticed Natasha
  7370 | D:4      | Killed Natasha
  7777 | D:6      | Found a staircase to the Ecumenical Temple.
  7786 | Temple   | Entered the Ecumenical Temple
  7880 | Temple   | Became a worshipper of Cheibriados the Contemplative
  7938 | D:6      | Reached XP level 8. HP: 13/60 MP: 0/0
  8257 | D:6      | Noticed Eustachio
  8264 | D:6      | Killed Eustachio
  8265 | D:6      | Reached skill level 7 in Spellcasting
  8265 | D:6      | Reached skill level 1 in Invocations
  8781 | D:6      | Reached skill level 1 in Armour
  9115 | D:3      | Bought an amulet of regeneration for 300 gold pieces
  9308 | D:2      | Killed Sigmund
  9309 | D:2      | Reached XP level 9. HP: 57/67 MP: 0/0
  9309 | D:2      | Learned a level 3 spell: Portal Projectile
  9937 | D:6      | Found a glowing golden altar of the Shining One.
  9937 | D:6      | Found a stormy altar of Qazlal.
 10124 | D:7      | Reached skill level 1 in Short Blades
 10124 | D:7      | Reached skill level 8 in Spellcasting
 10285 | D:7      | Found a basalt altar of Yredelemnul.
 10401 | D:7      | Reached * piety under Cheibriados
 10402 | D:7      | Reached skill level 5 in Dodging
 10444 | D:7      | Found a burning altar of Makhleb.
 10447 | D:7      | Found a glowing silver altar of Zin.
 10447 | D:7      | Noticed a blizzard demon
 10447 | D:7      | Noticed an angel
 10939 | D:8      | Noticed Grum
 11408 | D:8      | Killed Grum
 11409 | D:8      | Reached skill level 9 in Spellcasting
 11587 | D:8      | Reached ** piety under Cheibriados
 11733 | D:8      | Reached XP level 10. HP: 66/75 MP: 0/0
 11854 | D:8      | Noticed a gargoyle
 11862 | D:8      | Killed a gargoyle
 11863 | D:8      | Reached skill level 5 in Fighting
 12261 | D:9      | Noticed a death yak
 12262 | D:9      | Noticed a death yak
 12263 | D:9      | Noticed a death yak
 12287 | D:9      | Reached skill level 10 in Spellcasting
 12475 | D:9      | Reached *** piety under Cheibriados
 12647 | D:9      | Found a staircase to the Lair.
 12648 | D:9      | Noticed a death yak
 13008 | D:10     | Entered Level 10 of the Dungeon
 13433 | D:10     | Reached **** piety under Cheibriados
 13481 | D:10     | Found a staircase to the Orcish Mines.
 13481 | D:10     | Found Koobuv's Weapon Boutique.
 13523 | D:10     | Reached XP level 11. HP: 74/83 MP: 0/0
 13523 | D:10     | Learned a level 4 spell: Ice Form
 13727 | D:10     | Found a sparkling altar of Nemelex Xobeh.
 13986 | D:11     | Noticed a red ugly thing
 13995 | D:11     | Killed a red ugly thing
 13996 | D:11     | Reached skill level 11 in Spellcasting
 14029 | D:11     | Noticed a skeletal warrior
 14032 | D:11     | Noticed a skeletal warrior
 14033 | D:11     | Noticed a skeletal warrior
 14035 | D:11     | Noticed a skeletal warrior
 14110 | D:11     | Noticed a skeletal warrior
 14193 | D:11     | Found a flickering gateway to a bazaar.
 14200 | Bazaar   | Entered a bazaar
 14310 | Bazaar   | Found Sussyt's Book Shoppe.
 14324 | Bazaar   | Found Utulafac's Antique Weapon Shoppe.
 14324 | Bazaar   | Found Ycliarya's Armour Emporium.
 14443 | D:11     | Reached skill level 5 in Invocations
 14577 | D:9      | Noticed a two-headed ogre
 14587 | D:9      | Killed a two-headed ogre
 14730 | Lair:1   | Entered Level 1 of the Lair of Beasts
 14788 | Lair:1   | Reached skill level 1 in Long Blades
 14834 | Lair:1   | Reached ***** piety under Cheibriados
 14964 | Lair:1   | Identified the +1 ring mail of the Old World {Contam Str+5
                  | Int+4}
 15071 | Lair:1   | Reached skill level 12 in Spellcasting
 15418 | Lair:2   | Found a frozen archway.
 15432 | IceCv    | Entered an ice cave
 15473 | IceCv    | Mangled by an ice beast

Illustrated notes

Levels and vault maps discovered:
D:1:      matt_arrival_grand_opening, layout_basic
D:2:      minmay_general_purpose_star, layout_loops_ring,
          shapermc_ecumenical_altar_mp_vishouse, uniq_sigmund
D:3:      layout_rooms, nicolae_overflow_hidden_temple, serial_shops, shop,
          shop, nicolae_shop_stone, nicolae_shop_waterfront
D:4:      layout_rooms, amcnicky_altar_gilded, lemuel_tele_altar, uniq_natasha,
          uniq_blork_the_orc
D:5:      layout_gridville, lemuel_round_altar, ebering_ghost_gozag,
          corner_web_ring
D:6:      layout_loops_cross, amethyst_overflow_temple_binary,
          minmay_temple_entry_statues_fountains, uniq_eustachio
D:7:      layout_loops_ring, nicolae_yredelemnul_corpse_copse,
          grunt_temple_overflow_order_and_chaos_2
D:8:      minmay_distorted_concentric_squares, layout_loops_ring, uniq_grum
D:9:      layout_gridville, dpeg_lair_monsters
D:10:     layout_loops_cross, nicolae_overflow_crystal_walls, orc_david_3
D:11:     layout_rooms, serial_shops, bzr_entry_gold
Temple:   nicolae_temple_hex_pool
Lair:1:   layout_small_grid, minmay_holes, kennysheep_rathole
Lair:2:   layout_chaotic_city, spider_nest_entry_a,
          portal_ice_cave_entry_pillars_2, lemuel_old_faithful
IceCv:    ice_cave_small_dragons

Skill      XL: |  1  2  3  4  5  6  7  8  9 10 11 |
---------------+----------------------------------+-----
Spellcasting   | 3 4 5 6 7 9 10 12 | 12.3
Fighting       | 1 2 3 4 5 6 |  6.1
Dodging        | 3 4 5 6 7 |  7.3
Stealth        | 2 |  2.7
Invocations    | 2 3 4 5 |  5.2
Armour         | 1 2 3 |  3.3
Short Blades   | 1 |  1.2
Long Blades    | 1 |  1.4
Shields        | |  0.1

Action                   |  1- 3 |  4- 6 |  7- 9 | 10-12 || total
-------------------------+-------+-------+-------+-------++-------
Melee: Unarmed           |       |     1 |       |       ||     1
       Short sword       |       |    12 |    28 |     1 ||    41
       Dagger            |       |       |       |     2 ||     2
       Scimitar          |       |       |       |     9 ||     9
 Cast: Shock             |    72 |   120 |    84 |    18 ||   294
       Static Discharge  |     4 |    20 |    26 |    22 ||    72
       Swiftness         |       |     2 |       |       ||     2
       Airstrike         |       |       |    71 |   190 ||   261
       Lightning Bolt    |       |       |     5 |     1 ||     6
       Portal Projectile |       |       |       |     4 ||     4
Evoke: Wand              |       |       |       |     3 ||     3
  Use: Scroll            |       |     6 |     3 |    12 ||    21
       Potion            |       |     3 |       |     1 ||     4
 Stab: Sleeping          |       |     1 |       |       ||     1
Armor: Robe              |     8 |     4 |     2 |       ||    14
       Ring mail         |       |       |    51 |     1 ||    52
       Troll leather arm |       |       |       |     9 ||     9
Dodge: Dodged            |    13 |    27 |    71 |    97 ||   208
Block: Other             |       |     5 |     6 |       ||    11
       Rpst.: Scimitar   |       |       |       |     9 ||     9

Table legend: (Time is in decaauts)
 A = Elapsed time spent in this place.
 B = Non-inter-level travel time spent in this place.
 C = Inter-level travel time spent in this place.
 D = Time resting spent in this place.
 E = Time spent auto-exploring this place.
 F = Levels seen in this place.
 G = Mean time per level.
                   A        B        C        D        E       F      G
               +--------+--------+--------+--------+--------+-----+--------+
         Total |  17928 |  16687 |   1241 |   1799 |  12504 |  16 | 1120.5 |
       Dungeon |  16241 |  15045 |   1196 |   1715 |  11381 |  11 | 1476.5 |
        Temple |    116 |     96 |     20 |      0 |     67 |   1 |  116.0 |
          Lair |   1189 |   1165 |     24 |      0 |    908 |   2 |  594.5 |
        Bazaar |    327 |    327 |      0 |     84 |    122 |   1 |  327.0 |
      Ice Cave |     53 |     53 |      0 |      0 |     25 |   1 |   53.0 |
               +--------+--------+--------+--------+--------+-----+--------+

Top non-repeatable levels by time:
     D:1: 2206 daAuts
     D:6: 2065 daAuts
     D:5: 2036 daAuts
     D:2: 1811 daAuts
     D:7: 1542 daAuts
     D:9: 1430 daAuts
     D:8: 1287 daAuts
    D:10: 1244 daAuts
     D:3: 1175 daAuts
     D:4: 1077 daAuts
  Lair:1: 1062 daAuts
    D:11: 363 daAuts
  Bazaar: 327 daAuts
  Lair:2: 126 daAuts
  Temple: 116 daAuts
